[ AOE2 MATCH · #505812869 ]
UnrankedPortuguese vs Hindustanis
Player's team · LOSS
[ REPLAY ANALYSIS · EXTRACTED FROM THE RECORDED GAME ]
Feudal
13:53
Castle
24:20
Imperial
—
| APM avg | 49.9 |
| APM peak | 114 |
| eAPM avg | 24.7 |
| Villagers / military | 51 / 26 |
Focus
⚔️ 21.0% · 🌾 79.0%
Archer ×12 · Mangonel ×7 · Spearman ×4 · Militia ×3
Feudal
9:15
Castle
26:13
Imperial
—
| APM avg | 68.4 |
| APM peak | 139 |
| eAPM avg | 26.5 |
| Villagers / military | 46 / 18 |
Focus
⚔️ 27.3% · 🌾 72.7%
Archer ×8 · Scout Cavalry ×7 · Skirmisher ×2 · Spearman ×1
Match map
Initial resources + every placement click. Lines = walls · curves = elevation contours. ◆ gold · ⬟ stone · ● berries · ✦ relic · ◌ wall gap
Your base· ✓ Closed at 24:20 · 104t walls · no gate
PomPom's base· Open — opponent sealed themselves in
Smoothed initial terrain · ◌ = detected wall gap · hover for details
Inputs per minute
— NaaVyii_ - - PomPom
Build order — NaaVyii_
147 actions detected in the replay
| 0:01 | Queue | Villager (Male) |
| 0:02 | Build | House |
| 0:04 | Build | House |
| 0:05 | Queue | Villager (Male) |
| 0:21 | Queue | Villager (Male) |
| 0:33 | Queue | Villager (Male) |
| 1:26 | Queue | Villager (Male) |
| 1:26 | Queue | Villager (Male) |
| 1:48 | Queue | Villager (Male) |
| 1:48 | Queue | Villager (Male) |
| 2:12 | Queue | Villager (Male) |
| 2:12 | Queue | Villager (Male) |
| 2:39 | Build | Lumber Camp |
| 2:46 | Queue | Villager (Male) |
| 3:05 | Queue | Villager (Male) |
| 3:24 | Build | House |
| 3:50 | Queue | Villager (Male) |
| 3:50 | Queue | Villager (Male) |
| 4:11 | Queue | Villager (Male) |
| 4:11 | Queue | Villager (Male) |
| 4:35 | Queue | Villager (Male) |
| 4:35 | Queue | Villager (Male) |
| 4:36 | Queue | Villager (Male) |
| 4:46 | Queue | Villager (Male) |
| 4:57 | Build | House |
| 5:24 | Queue | Villager (Male) |
| 5:25 | Queue | Villager (Male) |
| 5:36 | Queue | Villager (Male) |
| 5:43 | Build | Barracks |
| 6:22 | Queue | Villager (Male) |
| 6:27 | Build | House |
| 6:31 | Build | Palisade Wall |
| 6:41 | Queue | Militia |
| 6:41 | Queue | Militia |
| 6:41 | Queue | Militia |
| 6:48 | Queue | Villager (Male) |
| 6:55 | Build | House |
| 6:57 | Build | Palisade Wall |
| 7:00 | Build | Palisade Wall |
| 7:06 | Build | Palisade Wall |
| 7:17 | Queue | Villager (Male) |
| 7:49 | Queue | Villager (Male) |
| 8:07 | Build | Mill |
| 8:17 | Queue | Villager (Male) |
| 8:20 | Research | Loom |
| 8:20 | Research | Loom |
| 8:26 | Build | Palisade Wall |
| 8:39 | Build | Palisade Wall |
| 8:41 | Build | Palisade Wall |
| 9:01 | Queue | Villager (Male) |
| 9:12 | Build | Farm |
| 9:14 | Queue | Villager (Male) |
| 9:15 | Build | House |
| 10:04 | Queue | Villager (Male) |
| 10:05 | Queue | Villager (Male) |
| 10:15 | Build | Palisade Wall |
| 10:24 | Build | Farm |
| 10:25 | Build | Farm |
| 10:38 | Build | Mining Camp |
| 10:43 | Build | Palisade Wall |
| 10:59 | Queue | Villager (Male) |
| 11:16 | Build | Palisade Wall |
| 11:18 | Build | Mill |
| 11:43 | Research | Feudal Age |
| 11:43 | Research | Feudal Age |
| 12:09 | Build | Farm |
| 12:16 | Build | Farm |
| 12:20 | Build | House |
| 12:25 | Build | Palisade Wall |
| 13:17 | Build | House |
| 13:20 | Build | Palisade Wall |
| 13:25 | Build | Palisade Wall |
| 13:31 | Build | Palisade Wall |
| 13:32 | Build | Palisade Wall |
| 13:53 | Age | Feudal Age |
| 14:11 | Build | House |
| 14:15 | Build | Archery Range |
| 14:17 | Queue | Villager (Male) |
| 14:17 | Queue | Villager (Male) |
| 14:33 | Queue | Spearman |
| 14:33 | Queue | Spearman |
| 14:49 | Queue | Villager (Male) |
| 15:19 | Queue | Villager (Male) |
| 15:20 | Queue | Spearman |
| 15:32 | Queue | Villager (Male) |
| 15:39 | Queue | Spearman |
| 16:06 | Build | Blacksmith |
| 16:17 | Build | Watch Tower |
| 16:20 | Queue | Villager (Male) |
| 16:26 | Queue | Villager (Male) |
| 16:55 | Queue | Villager (Male) |
| 17:18 | Build | House |
| 17:21 | Build | House |
| 17:23 | Build | House |
| 17:26 | Queue | Villager (Male) |
| 17:38 | Build | Farm |
| 17:46 | Queue | Villager (Male) |
| 18:04 | Build | Market |
| 18:11 | Build | House |
| 18:19 | Queue | Villager (Male) |
| 18:40 | Build | Watch Tower |
| 18:59 | Queue | Archer |
| 19:09 | Queue | Archer |
| 19:24 | Build | Farm |
| 19:25 | Build | Farm |
| 19:38 | Build | Farm |
| 20:00 | Queue | Archer |
| 20:06 | Build | House |
| 20:08 | Build | House |
| 20:10 | Build | Palisade Wall |
| 20:16 | Build | House |
| 20:20 | Build | Palisade Wall |
| 21:03 | Build | Farm |
| 21:14 | Build | Watch Tower |
| 21:22 | Build | House |
| 21:40 | Research | Castle Age |
| 22:37 | Build | Farm |
| 22:41 | Build | Farm |
| 22:52 | Queue | Archer |
| 23:15 | Queue | Archer |
| 23:31 | Queue | Archer |
| 23:53 | Research | Fletching |
| 24:20 | Age | Castle Age |
| 24:22 | Build | Siege Workshop |
| 24:26 | Research | Crossbowman (upgrade) |
| 24:28 | Queue | Archer |
| 24:32 | Queue | Villager (Male) |
| 24:32 | Queue | Villager (Male) |
| 24:40 | Build | Farm |
| 24:42 | Build | Farm |
| 25:09 | Queue | Mangonel |
| 25:10 | Queue | Mangonel |
| 25:37 | Queue | Villager (Male) |
| 25:41 | Queue | Archer |
| 25:50 | Queue | Mangonel |
| 25:50 | Queue | Mangonel |
| 25:53 | Queue | Villager (Male) |
| 26:12 | Queue | Villager (Male) |
| 26:28 | Queue | Archer |
| 26:28 | Queue | Archer |
| 26:29 | Queue | Archer |
| 26:33 | Queue | Archer |
| 26:35 | Queue | Villager (Male) |
| 26:56 | Queue | Villager (Male) |
| 28:40 | Queue | Mangonel |
| 28:40 | Queue | Mangonel |
| 28:40 | Queue | Mangonel |
Build order — PomPom
First 150 of 183 actions detected
| 0:00 | Queue | Villager (Male) |
| 0:01 | Queue | Villager (Male) |
| 0:02 | Build | House |
| 0:03 | Build | House |
| 0:06 | Queue | Villager (Male) |
| 0:06 | Queue | Villager (Male) |
| 1:06 | Queue | Villager (Male) |
| 1:30 | Queue | Villager (Male) |
| 2:01 | Queue | Villager (Male) |
| 2:18 | Queue | Villager (Male) |
| 2:57 | Queue | Villager (Male) |
| 3:10 | Queue | Villager (Male) |
| 3:13 | Build | Lumber Camp |
| 3:54 | Build | House |
| 4:04 | Queue | Villager (Male) |
| 4:04 | Queue | Villager (Male) |
| 4:05 | Queue | Villager (Male) |
| 4:41 | Queue | Villager (Male) |
| 5:33 | Build | Mill |
| 5:42 | Queue | Villager (Male) |
| 5:56 | Queue | Villager (Male) |
| 6:33 | Research | Loom |
| 7:01 | Research | Feudal Age |
| 7:02 | Research | Feudal Age |
| 7:12 | Build | House |
| 7:29 | Build | Palisade Wall |
| 7:31 | Build | Palisade Wall |
| 7:53 | Build | Barracks |
| 7:53 | Build | Palisade Wall |
| 8:00 | Queue | Villager (Male) |
| 8:34 | Build | Palisade Wall |
| 8:37 | Build | Palisade Wall |
| 8:38 | Build | Palisade Wall |
| 8:44 | Build | Palisade Wall |
| 8:45 | Build | Palisade Wall |
| 8:47 | Build | Palisade Wall |
| 8:49 | Build | Palisade Wall |
| 8:53 | Queue | Villager (Male) |
| 9:15 | Age | Feudal Age |
| 9:50 | Queue | Spearman |
| 10:21 | Queue | Villager (Male) |
| 10:22 | Queue | Villager (Male) |
| 10:27 | Build | Stable |
| 11:06 | Queue | Villager (Male) |
| 11:06 | Queue | Villager (Male) |
| 11:09 | Build | Mining Camp |
| 11:16 | Build | House |
| 11:23 | Queue | Scout Cavalry |
| 11:23 | Queue | Scout Cavalry |
| 11:24 | Queue | Scout Cavalry |
| 11:50 | Build | Watch Tower |
| 11:57 | Queue | Villager (Male) |
| 11:58 | Queue | Villager (Male) |
| 12:34 | Build | Farm |
| 12:35 | Build | Farm |
| 12:37 | Build | House |
| 12:41 | Research | Town Watch |
| 12:45 | Build | Archery Range |
| 13:09 | Queue | Villager (Male) |
| 13:15 | Build | House |
| 13:17 | Build | House |
| 13:38 | Build | Watch Tower |
| 13:48 | Queue | Scout Cavalry |
| 14:20 | Queue | Villager (Male) |
| 14:20 | Queue | Villager (Male) |
| 14:20 | Queue | Villager (Male) |
| 14:20 | Queue | Villager (Male) |
| 14:21 | Build | Farm |
| 14:22 | Build | Farm |
| 14:23 | Build | Farm |
| 14:44 | Build | Farm |
| 14:46 | Build | Lumber Camp |
| 14:52 | Build | Mining Camp |
| 15:01 | Queue | Villager (Male) |
| 15:04 | Queue | Villager (Male) |
| 15:12 | Queue | Archer |
| 15:13 | Queue | Archer |
| 15:14 | Build | House |
| 15:44 | Queue | Skirmisher |
| 15:54 | Queue | Skirmisher |
| 15:55 | Build | House |
| 16:12 | Queue | Villager (Male) |
| 16:13 | Queue | Villager (Male) |
| 16:19 | Build | Watch Tower |
| 16:44 | Queue | Archer |
| 16:46 | Queue | Villager (Male) |
| 16:48 | Build | House |
| 16:48 | Build | House |
| 16:59 | Build | Watch Tower |
| 17:07 | Queue | Villager (Male) |
| 17:09 | Build | Farm |
| 17:11 | Build | Farm |
| 17:13 | Queue | Archer |
| 17:32 | Build | Farm |
| 17:35 | Build | Farm |
| 17:43 | Build | Palisade Wall |
| 17:44 | Build | Palisade Wall |
| 18:02 | Build | Watch Tower |
| 18:09 | Build | Farm |
| 18:10 | Queue | Villager (Male) |
| 18:10 | Queue | Villager (Male) |
| 18:11 | Queue | Villager (Male) |
| 18:12 | Build | Farm |
| 18:41 | Research | Double-Bit Axe |
| 18:42 | Research | Double-Bit Axe |
| 19:06 | Build | House |
| 19:07 | Queue | Villager (Male) |
| 19:09 | Build | Blacksmith |
| 19:22 | Build | Palisade Wall |
| 19:23 | Build | Palisade Wall |
| 19:24 | Build | Palisade Wall |
| 19:40 | Build | House |
| 19:48 | Build | Farm |
| 19:49 | Queue | Villager (Male) |
| 19:49 | Queue | Villager (Male) |
| 19:56 | Build | Farm |
| 20:08 | Research | Fletching |
| 20:15 | Build | Watch Tower |
| 20:20 | Build | Farm |
| 20:21 | Queue | Villager (Male) |
| 20:23 | Build | House |
| 20:23 | Build | House |
| 20:43 | Build | Mining Camp |
| 20:46 | Build | Farm |
| 20:48 | Queue | Villager (Male) |
| 21:13 | Build | Farm |
| 21:15 | Queue | Villager (Male) |
| 21:44 | Build | Palisade Wall |
| 21:45 | Build | Palisade Wall |
| 21:50 | Build | Palisade Wall |
| 21:56 | Build | Palisade Wall |
| 22:06 | Build | Farm |
| 22:07 | Build | Farm |
| 22:08 | Research | Wheelbarrow |
| 22:13 | Build | House |
| 22:26 | Build | Mining Camp |
| 22:36 | Build | Palisade Wall |
| 22:48 | Build | Farm |
| 23:14 | Build | Farm |
| 23:29 | Queue | Archer |
| 23:29 | Queue | Archer |
| 23:29 | Queue | Archer |
| 23:31 | Queue | Archer |
| 23:33 | Research | Castle Age |
| 23:34 | Research | Castle Age |
| 23:34 | Research | Castle Age |
| 23:35 | Build | Farm |
| 23:44 | Build | Palisade Wall |
| 23:45 | Build | Palisade Wall |
| 23:46 | Build | Palisade Wall |
Match timeline
| 5:43 | NaaVyii_ · first_building Barracks |
| 6:31 | NaaVyii_ · wall_segment Palisade Wall x9 |
| 6:57 | NaaVyii_ · wall_segment Palisade Wall x3 |
| 7:00 | NaaVyii_ · wall_segment Palisade Wall x1 |
| 7:06 | NaaVyii_ · wall_segment Palisade Wall x20 |
| 7:29 | PomPom · wall_segment Palisade Wall x4 |
| 7:31 | PomPom · wall_segment Palisade Wall x4 |
| 7:53 | PomPom · first_building Barracks |
| 7:53 | PomPom · wall_segment Palisade Wall x1 |
| 8:26 | NaaVyii_ · wall_segment Palisade Wall x5 |
| 8:34 | PomPom · wall_segment Palisade Wall x3 |
| 8:37 | PomPom · wall_segment Palisade Wall x1 |
| 8:38 | PomPom · wall_segment Palisade Wall x1 |
| 8:39 | NaaVyii_ · wall_segment Palisade Wall x13 |
| 8:41 | NaaVyii_ · wall_segment Palisade Wall x7 |
| 8:44 | PomPom · wall_segment Palisade Wall x1 |
| 8:45 | PomPom · wall_segment Palisade Wall x1 |
| 8:47 | PomPom · wall_segment Palisade Wall x1 |
| 8:49 | PomPom · wall_segment Palisade Wall x1 |
| 9:15 | PomPom · age_up feudal |
| 10:15 | NaaVyii_ · wall_segment Palisade Wall x15 |
| 10:27 | PomPom · first_building Stable |
| 10:43 | NaaVyii_ · wall_segment Palisade Wall x3 |
| 11:16 | NaaVyii_ · wall_segment Palisade Wall x1 |
| 12:25 | NaaVyii_ · wall_segment Palisade Wall x1 |
| 12:45 | PomPom · first_building Archery Range |
| 13:20 | NaaVyii_ · wall_segment Palisade Wall x7 |
| 13:25 | NaaVyii_ · wall_segment Palisade Wall x3 |
| 13:31 | NaaVyii_ · wall_segment Palisade Wall x7 |
| 13:32 | NaaVyii_ · wall_segment Palisade Wall x3 |
| 13:53 | NaaVyii_ · age_up feudal |
| 14:15 | NaaVyii_ · first_building Archery Range |
| 17:43 | PomPom · wall_segment Palisade Wall x1 |
| 17:44 | PomPom · wall_segment Palisade Wall x2 |
| 18:33 | NaaVyii_ · first_market_buy 100 stone |
| 18:47 | NaaVyii_ · first_market_sell 100 wood |
| 19:22 | PomPom · wall_segment Palisade Wall x1 |
| 19:23 | PomPom · wall_segment Palisade Wall x1 |
| 19:24 | PomPom · wall_segment Palisade Wall x1 |
| 20:10 | NaaVyii_ · wall_segment Palisade Wall x5 |
| 20:20 | NaaVyii_ · wall_segment Palisade Wall x6 |
| 21:44 | PomPom · wall_segment Palisade Wall x1 |
| 21:45 | PomPom · wall_segment Palisade Wall x1 |
| 21:50 | PomPom · wall_segment Palisade Wall x1 |
| 21:56 | PomPom · wall_segment Palisade Wall x1 |
| 22:36 | PomPom · wall_segment Palisade Wall x1 |
| 23:44 | PomPom · wall_segment Palisade Wall x1 |
| 23:45 | PomPom · wall_segment Palisade Wall x1 |
| 23:46 | PomPom · wall_segment Palisade Wall x1 |
| 24:20 | NaaVyii_ · age_up castle |
| 24:22 | NaaVyii_ · first_building Siege Workshop |
| 24:57 | PomPom · wall_segment Palisade Wall x1 |
| 24:57 | PomPom · wall_segment Palisade Wall x1 |
| 26:13 | PomPom · age_up castle |
| 26:31 | PomPom · first_building Castle |
| 28:54 | NaaVyii_ · resign |
[ AI ANALYSIS · 1 CREDIT ]
What really happened in this match?
Wolo.gg analyzes every decision: build order, eco, micro, common mistakes by bracket. Personalized analysis on WhatsApp or Discord in 30 seconds.
Civ guide
Portuguese
Perfil
Jugador #6452094